 Dungeon Crawl Stone Soup version 0.31-a0-667-g39726597b9 (webtiles) character file.

Game seed: 11310989303005151962

393698 GordonOverkill the Wrestler (level 23, -9/215 HPs)
             Began as a Ghoul Delver on Sept 4, 2023.
             Was the Champion of Makhleb.
             Killed by dispel undead
             ... invoked by a Tzitzimitl
             ... called by a doom hound
              (28 damage)
             ... on level 4 of the Depths.
             The game lasted 01:33:33 (51351 turns).

GordonOverkill the Wrestler (Ghoul Delver)         Turns: 51351, Time: 01:33:34

Health: -9/215     AC: 30    Str: 27    XL:     23   Next: 15%
Magic:  31/31      EV: 11    Int:  5    God:    Makhleb [******]
Gold:   2181       SH: 27    Dex: 10    Spells: 22/22 levels left

rFire   + .          .
                       - Unarmed
rCold   + + .        Y - +3 tower shield {rC+}
rNeg    + + +        A - +7 chain mail "Weor" {rElec}
rPois   ∞            a - +1 helmet
rElec   +            y - +0 cloak of Ignis's Generosity {rF+ rN+}
rCorr   .            j - +2 pair of gloves
SInv    .            Q - +2 pair of boots
Will    +++..        s - amulet of reflection Stlth
                     O - ring of willpower
HPRegen 0.00/turn    z - ring of willpower
MPRegen 0.22/turn

%: reflection
@: mighty, inhibited regen, hasted, studying Ranged Weapons, very quick
A: claws 1, cold resistance 1, negative energy resistance 3, inhibited
regeneration, torment resistance 2, devour on kill
}: 2/15 runes: serpentine, barnacled
a: Renounce Religion, Minor Destruction, Lesser Servant of Makhleb, Major
Destruction, Greater Servant of Makhleb


You were on level 4 of the Depths.
You worshipped Makhleb.
Makhleb was exalted by your worship.
You visited 8 branches of the dungeon, and saw 38 of its levels.
You also visited: Bailey and Ice Cave.

You collected 4418 gold pieces.
You spent 2237 gold pieces at shops.

Inventory:

Missiles
 E - 17 silver javelins
 G - 51 boomerangs (quivered)
 K - 2 throwing nets
 R - 15 javelins
 X - 4 curare-tipped darts
Armour
 a - a +1 helmet (worn)
 j - a +2 pair of gloves (worn)
 y - the +0 cloak of Ignis's Generosity (worn) {rF+ rN+}
   (You found it in a bailey)

   rF+:       It protects you from fire.
   rN+:       It protects you from negative energy.
 A - the +7 chain mail "Weor" (worn) {rElec}
   (You found it in a bailey)

   rElec:     It insulates you from electricity.
 Q - a +2 pair of boots (worn)
 Y - a +3 tower shield of cold resistance (worn)
Jewellery
 e - an amulet of magic regeneration
 h - a +5 ring of evasion
 s - an amulet of reflection (around neck)
 x - a ring of protection from fire
 z - a ring of willpower (right hand)
 O - a ring of willpower (left hand)
 U - a ring of resist corrosion
 V - a ring of see invisible
 W - a ring of flight
Wands
 f - a wand of digging (1)
 i - a wand of mindburst (9)
 p - a wand of polymorph (18)
 C - a wand of flame (15)
 P - a wand of iceblast (17)
 S - a wand of charming (11)
Scrolls
 b - 2 scrolls of fog
 c - 7 scrolls of revelation
 d - a scroll of fear
 g - 2 scrolls of torment
 m - 4 scrolls of vulnerability
 n - 7 scrolls of poison
 o - 5 scrolls of teleportation
 u - a scroll of silence
 D - 2 scrolls of immolation
 L - 11 scrolls of identify
Potions
 k - a potion of attraction
 l - a potion of heal wounds
 q - 3 potions of cancellation
 r - 3 potions of might
 v - 6 potions of invisibility
 w - 6 potions of enlightenment
 F - 6 potions of curing
 H - 3 potions of mutation
 I - 2 potions of resistance
 J - a potion of magic
 M - 3 potions of ambrosia
 N - 3 potions of haste
Miscellaneous
 B - a lightning rod (4/4)
 T - a phial of floods
 Z - a box of beasts


   Skills:
 - Level 20.0 Fighting
 + Level 12.7 Armour
 - Level 8.0 Dodging
 - Level 5.4 Stealth
 - Level 19.0 Shields
 - Level 22.0 Unarmed Combat
 - Level 12.0 Invocations
 - Level 14.0 Evocations


You had 22 spell levels left.
You didn't know any spells.
Your spell library contained the following spells:

 Spells                   Type           Power      Damage    Failure   Level
 Apportation              Tloc           0%         N/A       97%         1
 Magic Dart               Conj           0%         1d3       97%         1
 Necrotise                Necr           0%         1d4       97%         1
 Sting                    Tmut/Pois      0%         1d3       97%         1
 Summon Small Mammal      Summ           0%         N/A       97%         1
 Call Imp                 Summ           0%         N/A       99%         2
 Cigotuvi's Dreadful Rot  Necr/Pois/Air  0%         N/A       99%         2
 Ensorcelled Hibernation  Hex/Ice        0%         N/A       99%         2
 Passwall                 Tmut/Erth      0%         N/A       99%         2
 Poisonous Vapours        Pois/Air       0%         N/A       99%         2
 Static Discharge         Conj/Air       0%         2-2/arc   99%         2
 Call Canine Familiar     Summ           0%         N/A       100%        3
 Dazzling Flash           Conj/Hex       0%         N/A       100%        3
 Gell's Gravitas          Tloc           0%         N/A       100%        3
 Hailstorm                Conj/Ice       0%         3d3       100%        3
 Ignite Poison            Fire/Tmut/Pois 0%         N/A       100%        3
 Inner Flame              Hex/Fire       0%         N/A       100%        3
 Mephitic Cloud           Conj/Pois/Air  0%         N/A       100%        3
 Portal Projectile        Hex/Tloc       0%         N/A       100%        3
 Summon Guardian Golem    Hex/Summ       0%         N/A       100%        3
 Swiftness                Air            0%         N/A       100%        3
 Teleport Other           Tloc           0%         N/A       100%        3
 Volatile Blastmotes      Fire/Tloc      0%         2d10      100%        3
 Airstrike                Air            0%         2d(0-16)  100%        4
 Cause Fear               Hex            0%         N/A       100%        4
 Flame Wave               Conj/Fire      0%         2d4       100%        4
 Leda's Liquefaction      Hex/Erth       0%         N/A       100%        4
 Olgreb's Toxic Radiance  Pois           0%         N/A       100%        4
 Passage of Golubria      Tloc           0%         N/A       100%        4
 Sticky Flame             Conj/Fire      0%         2d3       100%        4
 Summon Ice Beast         Ice/Summ       0%         N/A       100%        4
 Summon Lightning Spire   Summ/Air       0%         N/A       100%        4
 Alistair's Intoxication  Tmut/Pois      0%         N/A       100%        5
 Borgnjor's Vile Clutch   Necr/Erth      0%         N/A       100%        5
 Fireball                 Conj/Fire      0%         3d3       100%        5
 Freezing Cloud           Conj/Ice/Air   0%         6-21      100%        5
 Iskenderun's Battlesphe  Conj           0%         2d6       100%        5
 Silence                  Hex/Air        0%         N/A       100%        5
 Summon Forest            Summ/Tloc      0%         N/A       100%        5
 Summon Mana Viper        Hex/Summ       0%         N/A       100%        5
 Conjure Ball Lightning   Conj/Air       0%         3x3d6     100%        6
 Dispersal                Tloc           0%         N/A       100%        6
 Eringya's Noxious Bog    Tmut/Pois      0%         4d6       100%        6
 Simulacrum               Ice/Necr       0%         N/A       100%        6
 Starburst                Conj/Fire      0%         6d3       100%        6
 Summon Cactus Giant      Summ           0%         N/A       100%        6
 Orb of Destruction       Conj           0%         9d5       100%        7
 Summon Hydra             Summ           0%         N/A       100%        7
 Discord                  Hex            0%         N/A       100%        8
 Ignition                 Fire           0%         3d3       100%        8
 Lehudib's Crystal Spear  Conj/Erth      0%         10d2      100%        8
 Maxwell's Capacitive Co  Air            0%         ∞         100%        8
 Dragon's Call            Summ           0%         N/A       100%        9


Dungeon Overview and Level Annotations

Branches:
Dungeon (15/15)            Temple (1/1) D:4            Lair (5/5) D:9
 Shoals (4/4) Lair:2        Snake (4/4) Lair:3        Slime (0/5) Lair:5
    Orc (2/2) D:9             Elf (0/3) Orc:2        Vaults (3/5) D:13
  Crypt (0/3) Vaults:3     Depths (4/4) D:15         Bailey (visited)
  IceCv (visited)
    Zot: Depths:4

Altars:
Ashenzari
Cheibriados
Dithmenos
Fedhas
Gozag
Hepliaklqana
Kikubaaqudgha
Makhleb
Nemelex Xobeh
Okawaru
Qazlal
Ru
Sif Muna
Trog
Uskayaw
Vehumet
Wu Jian
Xom
Yredelemnul
Jiyva

Shops:
D:13 ?   D:15 ?   Orc:1 **   Orc:2 [*[=!   Snake:2 ::   Snake:3 :
Depths:1 *[[   Depths:2 *

Portals:
Hell: Depths:1 Depths:2
Pandemonium: Depths:2

Annotations:
D:5 2 transporters, Menkaure
D:8 3 runed translucent doors, Zaque's ghost, novice TrWr; grizmgrazm2's ghost, novice DECj
Vaults:3 Jory; Mennas; Zenata


Innate Abilities, Weirdness & Mutations

You are immune to poison.
You have sharp fingernails.
Your flesh is cold resistant. (rC+)
You are immune to negative energy. (rN+++)
You do not regenerate when monsters are visible.
You are immune to unholy pain and torment.
You thrive by killing the living.


Message History

You pummel the reaper!!
The reaper is severely wounded.
You punch the reaper!
The reaper is almost dead.
You block the Tzitzimitl's attack. x2; The reaper barely misses you.
You barely miss the reaper.
The reaper is almost dead.
You closely miss the reaper.
The reaper is almost dead.
You pummel the reaper!!
You kill the reaper!
Makhleb accepts your kill.
You feel better. You block the Tzitzimitl's attack. x2
You barely miss the Tzitzimitl. You closely miss the Tzitzimitl.
The Tzitzimitl engulfs you!
* * * LOW HITPOINT WARNING * * *
The Tzitzimitl drains your vigour!
You feel yourself slow down. The Tzitzimitl bites you.
* * * LOW HITPOINT WARNING * * *
You pummel the Tzitzimitl!!
The Tzitzimitl is moderately wounded.
The Tzitzimitl gestures at you.
You convulse!
* * * LOW HITPOINT WARNING * * *
A putrid mouth comes into view.
There is a stone staircase leading down, spattered with blood here.
You see here a +2 heavy scythe.
You block the Tzitzimitl's attack. The Tzitzimitl barely misses you.
The putrid mouth bites you but does no damage.
You block the putrid mouth's attack.
You climb downwards.
The infernal howling subsides.
There is a stone staircase leading up here.
You feel yourself speed up.
The putrid mouth howls a warning cry!
You hear a shout! x4; You hear a horrible gurgling sound!
You hear a deafening roar!
The Tzitzimitl gestures at you.
You convulse!
You die...

### ####.#
###....#
#......##
#.#..#@.#
#..##.#
#..#..#
#....1##
#....W.#
#...##.#.#
###. #...#
#. #####
..


You could see a Tzitzimitl and a putrid mouth.

Vanquished Creatures
  A juggernaut (D:15)
  Margery (Vaults:2)
  Saint Roka (Vaults:3)
  A caustic shrike (Depths:1)
  Vashnia (Snake:3)
  A tentacled monstrosity (Depths:2)
  A lich (Vaults:3)
  Jorgrun (Shoals:2)
  Grunn (Depths:3)
  Frances (D:13)
  Polyphemus (Shoals:2)
  The ghost of EnegeticOcto the Convoker, an adept VSWr of Ashenzari (Vaults:2)
  A tengu reaver (Vaults:3)
  2 sphinxes
  Aizul (Snake:1)
  Agnes (Snake:3)
  Ilsuiw (Shoals:2)
  3 vault wardens
  3 nagarajas (Snake:4)
  4 frost giants
  6 fire giants
  An angel (Shoals:3)
  2 curse skulls (Vaults:2)
  8 ironbound preservers
  A reaper (Depths:3)
  2 war gargoyles
  A formless jellyfish (Vaults:2)
  10 very ugly things
  A spriggan defender (Depths:2)
  6 stone giants
  8 ironbound thunderhulks
  A vampire knight (Depths:1)
  Nessos (D:14)
  Azrael (D:13)
  16 dire elephants
  6 spark wasps (Depths:2)
  Snorg (D:13)
  2 ettins
  13 merfolk impalers
  2 entropy weavers (Vaults:2)
  7 merfolk javelineers
  3 jiangshi (Depths:3)
  5 fire dragons
  3 great orbs of eyes
  Fannar (D:9)
  5 ice dragons
  Josephine (D:10)
  9 yaktaur captains
  5 hydras
  5 vault guards
  Erolcha (D:9)
  5 rakshasas
  2 salamander tyrants
  A spriggan air mage (Depths:2)
  2 ogre magi
  2 peacekeepers
  A catoblepas (Shoals:2)
  9 centaur warriors
  2 alligator snapping turtles
  15 two-headed ogres
  3 merfolk avatars
  4 merfolk aquamancers
  4 anacondas
  7 ironbound frosthearts
  7 boulder beetles
  A death knight (D:13)
  15 naga warriors
  2 vampire magi
  34 death yaks
  4 deep troll earth magi
  2 tengu warriors (D:15)
  2 deep troll shamans
  15 naga sharpshooters
  9 hell knights
  4 shock serpents
  7 salamander mystics
  4 skeletal warriors (D:14)
  An iron troll (D:15)
  3 glowing orange brains
  A skyshark (shapeshifter) (D:15)
  28 deep trolls
  4 cherubim
  A skyshark (Shoals:1)
  6 sea snakes
  An orange crystal statue (Depths:1)
  3 wizards
  A phantasmal warrior (Vaults:3)
  6 naga ritualists
  6 lindwurms
  6 mana vipers
  8 ironbound convokers
  6 necromancers
  17 harpies
  A wolf spider (shapeshifter) (Depths:2)
  20 fauns
  30 ugly things
  2 oklob plants
  9 cyclopes
  11 manticores
  3 guardian serpents (Snake:2)
  17 salamanders
  7 merfolk sirens
  3 water nymphs
  8 vault sentinels
  11 elephants
  An ice statue (IceCv)
  38 black mambas
  7 torpor snails
  24 naga magi
  2 gargoyles
  11 cane toads
  Psyche (D:10)
  4 rime drakes
  2 unseen horrors
  5 kobold demonologists
  11 yaktaurs
  4 freezing wraiths
  6 komodo dragons
  2 tengu conjurers
  10 polar bears
  13 merfolk
  13 trolls
  10 hornets
  4 tyrant leeches (Lair:5)
  Grinder (D:3)
  4 wind drakes
  13 blink frogs
  A dream sheep (shapeshifter) (D:13)
  4 snapping turtles
  A jumping spider (Vaults:2)
  17 dream sheep
  Sigmund (D:2)
  31 slime creatures
  A shadow (D:12)
  A culicivora (Vaults:2)
  3 wyverns
  A vampire (Bailey)
  7 wraiths
  3 basilisks
  7 water elementals
  65 yaks
  6 fire elementals (D:13)
  10 humans (D:13)
  2 vampire mosquitoes (D:10)
  A human zombie (Vaults:3)
  A golden eye (D:12)
  3 redbacks
  2 steam dragons
  37 nagas
  5 wargs
  An ogre zombie (Vaults:3)
  An acid dragon (D:13)
  9 water moccasins
  An entropy weaver zombie (Vaults:3)
  A floating eye (Depths:2)
  A hell hound (D:13)
  3 black bears
  26 orc warriors
  An ice beast (D:6)
  19 ogres
  35 wolves
  2 centaurs
  3 kobold brigands
  15 bullfrogs
  A human skeleton (Vaults:3)
  3 gnoll sergeants
  2 scorpions
  5 wights
  4 killer bees (D:10)
  8 vampire bats (Bailey)
  8 wolf zombies (Bailey)
  3 electric eels (D:12)
  8 howler monkeys
  10 orc priests
  3 gnoll boudas
  A sleepcap (D:5)
  37 orc wizards
  Robin (D:2)
  16 gnolls
  11 adders
  4 white imps
  An ufetubus (D:4)
  2 worms
  3 dart slugs
  81 orcs
  3 bats
  3 endoplasms
  5 giant cockroaches
  8 hobgoblins
  4 jackals
  12 kobolds
  2 quokkas
  5 ball pythons
  10 frilled lizards
  15 goblins
  21 orc zombies (Bailey)
  6 rats
1365 creatures vanquished.

Vanquished Creatures (collateral kills)
  2 ironbound preservers
  A dire elephant (Vaults:2)
  A peacekeeper (Vaults:3)
  A hell knight (Vaults:2)
  5 deep trolls
  A wizard (Vaults:2)
  A vault sentinel (Vaults:2)
  3 slime creatures
  2 yaktaurs (Vaults:3)
  An orc (Vaults:3)
18 creatures vanquished.

Vanquished Creatures (others)
  A tengu warrior (Depths:1)
  A death yak (IceCv)
  A two-headed ogre (D:9)
3 creatures vanquished.

Grand Total: 1386 creatures vanquished

Notes
Turn   | Place    | Note
-------+----------+-------------------------------------------
     0 | D:5      | GordonOverkill the Ghoul Delver began the quest for the
                  | Orb.
     0 | D:5      | Reached XP level 1. HP: 19/19 MP: 0/0
    34 | D:6      | Noticed a bullfrog
    65 | D:5      | Found a basalt altar of Yredelemnul.
    66 | D:5      | Found a transporter.
    68 | D:5      | Found a transporter.
    72 | D:5      | Noticed Menkaure
    83 | D:5      | Noticed a vampire
    95 | D:5      | Found an ancient bone altar of Kikubaaqudgha.
   125 | D:5      | Noticed a gnoll bouda
   235 | D:5      | Reached XP level 2. HP: 19/27 MP: 1/1
   355 | D:4      | Reached skill level 3 in Unarmed Combat
   355 | D:4      | Reached XP level 3. HP: 24/33 MP: 2/2
   521 | D:3      | Found a stormy altar of Qazlal.
   803 | D:2      | Identified the +0 helmet of the Garden {rC++}
   803 | D:2      | Noticed Robin
   830 | D:1      | Reached skill level 4 in Unarmed Combat
   836 | D:1      | Reached XP level 4. HP: 30/40 MP: 3/3
  1222 | D:1      | Noticed an anaconda
  1224 | D:1      | Noticed a four-headed hydra
  1377 | D:2      | Noticed Sigmund
  1696 | D:2      | Killed Sigmund
  1697 | D:2      | Reached skill level 6 in Unarmed Combat
  1697 | D:2      | Reached XP level 5. HP: 46/46 MP: 4/4
  1697 | D:2      | Reached XP level 6. HP: 52/52 MP: 5/5
  1831 | D:2      | Killed Robin
  1876 | D:2      | Identified the +1 leather armour of Uvi Apti {Str+2 Int+2
                  | Dex+2}
  2339 | D:3      | Reached skill level 7 in Unarmed Combat
  2461 | D:3      | Found a blossoming altar of Fedhas.
  2754 | D:3      | Noticed Grinder
  2789 | D:3      | Paralysed by Grinder for 4 turns
  2795 | D:3      | Killed Grinder
  2796 | D:3      | Reached skill level 8 in Unarmed Combat
  2796 | D:3      | Reached XP level 7. HP: 44/59 MP: 6/6
  3110 | D:4      | Reached skill level 9 in Unarmed Combat
  3327 | D:4      | Found a staircase to the Ecumenical Temple.
  3338 | Temple   | Entered the Ecumenical Temple
  3355 | Temple   | Became a worshipper of Makhleb the Destroyer
  4085 | D:5      | Reached XP level 8. HP: 61/66 MP: 7/7
  4225 | D:6      | Reached skill level 10 in Unarmed Combat
  4231 | D:6      | Reached skill level 1 in Armour
  4862 | D:6      | Reached skill level 5 in Fighting
  4867 | D:6      | Reached * piety under Makhleb
  5374 | D:6      | Reached XP level 9. HP: 69/78 MP: 8/8
  5409 | D:6      | Found the +5 woodcutter's axe
  6095 | D:7      | Found Zin's Purification Station.
  6101 | D:7      | Bought a potion of curing for 90 gold pieces
  6471 | D:8      | Reached skill level 11 in Unarmed Combat
  6912 | D:8      | Reached skill level 12 in Unarmed Combat
  6968 | D:8      | Found a runed translucent gate.
  6971 | D:8      | Found a runed translucent gate.
  6971 | D:8      | Found a runed translucent gate.
  6972 | D:8      | Noticed grizmgrazm2's ghost (novice DECj)
  6972 | D:8      | Noticed Zaque's ghost (novice TrWr)
  6976 | D:8      | Noticed a hornet
  6994 | D:8      | Killed a hornet
  7002 | D:8      | Reached XP level 10. HP: 74/86 MP: 9/9
  7014 | D:8      | Reached skill level 13 in Unarmed Combat
  7452 | D:9      | Noticed a two-headed ogre
  7549 | D:9      | Found a radiant altar of Vehumet.
  7578 | D:9      | Reached ** piety under Makhleb
  7638 | D:9      | Reached skill level 14 in Unarmed Combat
  7734 | D:9      | Found a flagged portal.
  7761 | Bailey   | Entered a bailey
  7951 | Bailey   | Reached *** piety under Makhleb
  8008 | Bailey   | Noticed a gargoyle
  8039 | Bailey   | Killed a gargoyle
  8064 | Bailey   | Identified the +0 cloak of Ignis's Generosity {rF+ rN+}
  8347 | Bailey   | Identified the +7 chain mail "Weor" {rElec}
  8513 | D:9      | Noticed Erolcha
  8525 | D:9      | Killed Erolcha
  8526 | D:9      | Reached skill level 10 in Fighting
  8573 | D:9      | Killed a two-headed ogre
  8574 | D:9      | Reached skill level 5 in Invocations
  8574 | D:9      | Reached XP level 11. HP: 99/99 MP: 11/13
  8598 | D:9      | Noticed a two-headed ogre
  8631 | D:9      | Noticed a two-headed ogre
  8645 | D:9      | Killed a two-headed ogre
  8804 | D:9      | Noticed a two-headed ogre
  8812 | D:9      | Killed a two-headed ogre
  9222 | D:9      | Found a staircase to the Lair.
  9258 | D:9      | Reached **** piety under Makhleb
  9359 | D:9      | Found a staircase to the Orcish Mines.
  9653 | D:10     | Entered Level 10 of the Dungeon
  9834 | D:10     | Noticed Psyche
  9840 | D:10     | Killed Psyche
 10274 | D:10     | Noticed Josephine
 10289 | D:10     | Killed Josephine
 10290 | D:10     | Reached skill level 15 in Unarmed Combat
 10662 | D:11     | Noticed a manticore
 10672 | D:11     | Killed a manticore
 10673 | D:11     | Reached XP level 12. HP: 112/112 MP: 14/14
 10745 | D:11     | Noticed a soul eater
 10750 | D:11     | Noticed a centaur warrior
 10766 | D:11     | Killed a centaur warrior
 10767 | D:11     | Reached skill level 16 in Unarmed Combat
 10801 | D:11     | Noticed a two-headed ogre
 10813 | D:11     | Killed a two-headed ogre
 11053 | D:11     | Noticed a two-headed ogre
 11076 | D:11     | Killed a two-headed ogre
 11128 | D:11     | Noticed a two-headed ogre
 11134 | D:11     | Killed a two-headed ogre
 11433 | D:11     | Reached skill level 17 in Unarmed Combat
 11448 | D:11     | Reached ***** piety under Makhleb
 11963 | D:12     | Found a gate leading to a gauntlet.
 12306 | D:12     | Noticed a two-headed ogre
 12327 | D:12     | Killed a two-headed ogre
 12521 | D:12     | Reached skill level 18 in Unarmed Combat
 12812 | Lair:1   | Entered Level 1 of the Lair of Beasts
 12889 | Lair:1   | Reached skill level 5 in Armour
 13287 | Lair:1   | Reached XP level 13. HP: 118/118 MP: 15/15
 13927 | Lair:2   | Found a staircase to the Shoals.
 14327 | Lair:2   | Reached skill level 5 in Dodging
 15367 | Lair:3   | Found a staircase to the Snake Pit.
 15723 | Lair:3   | Reached skill level 1 in Shields
 15935 | Lair:3   | Reached XP level 14. HP: 109/126 MP: 16/16
 15974 | Lair:3   | Reached skill level 5 in Shields
 16287 | Lair:3   | Reached ****** piety under Makhleb
 16981 | Lair:3   | Reached skill level 19 in Unarmed Combat
 17836 | Lair:5   | Entered Level 5 of the Lair of Beasts
 17994 | Lair:5   | Reached skill level 20 in Unarmed Combat
 17995 | Lair:5   | Reached skill level 1 in Evocations
 18564 | Lair:5   | Reached skill level 5 in Evocations
 18564 | Lair:5   | Reached XP level 15. HP: 121/132 MP: 17/17
 18886 | Lair:5   | Found a staircase to the Slime Pits.
 18894 | Lair:5   | Found a viscous altar of Jiyva.
 19017 | Lair:5   | Found a runed translucent door.
 20098 | D:13     | Noticed Sonja
 20099 | D:13     | Sonja changed into Sonja the golden eye
 20099 | D:13     | Noticed Sonja
 20110 | D:12     | Killed Sonja the golden eye
 20285 | D:13     | Found a frozen archway.
 20336 | IceCv    | Entered an ice cave
 20728 | IceCv    | Identified the +8 short sword "GordonOverkill's Curse"
                  | {spect, MP+9 Str+5}
 21232 | IceCv    | Noticed a frost giant
 21247 | IceCv    | Killed a frost giant
 21510 | D:13     | Noticed Azrael
 21530 | D:13     | Noticed Snorg
 21538 | D:13     | Killed Azrael
 21539 | D:13     | Reached skill level 15 in Fighting
 21552 | D:13     | Killed Snorg
 21767 | D:13     | Found Qoiced's Magic Scroll Boutique.
 21976 | D:13     | Noticed Frances
 21987 | D:13     | Killed Frances
 22272 | D:13     | Found a gate to the Vaults.
 22456 | D:14     | Noticed Nessos
 22467 | D:14     | Killed Nessos
 22603 | D:14     | Identified the +8 long sword "Vurya" {vamp, rN+ SInv}
 22678 | D:14     | Reached XP level 16. HP: 149/149 MP: 21/21
 23371 | D:14     | Reached skill level 10 in Invocations
 23503 | D:15     | Entered Level 15 of the Dungeon
 23516 | D:15     | Found Xulop's Magic Scroll Shoppe.
 23747 | D:15     | Found a staircase to the Depths.
 23749 | D:15     | Paralysed by a floating eye for 2 turns
 23764 | D:15     | Paralysed by a great orb of eyes for 5 turns
 24085 | D:15     | Found an ancient bone altar of Kikubaaqudgha.
 24534 | Orc:1    | Entered Level 1 of the Orcish Mines
 24537 | Orc:1    | Noticed Fannar
 24565 | D:9      | Killed Fannar
 24709 | Orc:1    | Found Eoesinke's Eclectic Emporium.
 24741 | Orc:1    | Bought a potion of experience for 650 gold pieces
 24741 | Orc:1    | Reached XP level 17. HP: 156/156 MP: 25/25
 24758 | Orc:1    | Found Ruaceiri's Assorted Antiques.
 24940 | Orc:2    | Entered Level 2 of the Orcish Mines
 24952 | Orc:2    | Found Toawkuz's Jewellery Emporium.
 26080 | Orc:2    | Found Qiopsah's Antique Armour Boutique.
 26176 | Orc:2    | Found a staircase to the Elven Halls.
 26218 | Orc:2    | Found Oshaop's Distillery.
 26219 | Orc:2    | Found Juttesa's Armour Shop.
 26229 | Orc:2    | Found Otuuzium's General Store.
 26904 | Snake:1  | Entered Level 1 of the Snake Pit
 26979 | Snake:1  | HP: 5/156 [mana viper[a naga ritualist] (11)]
 26987 | Snake:1  | Reached skill level 10 in Shields
 27245 | Snake:1  | Got the Handbook of the Entourage
 27935 | Snake:1  | Noticed Aizul
 27949 | Snake:1  | Killed Aizul
 28293 | Snake:2  | Reached XP level 18. HP: 163/163 MP: 26/26
 28693 | Snake:2  | Found Ymavela's Book Shoppe.
 28693 | Snake:2  | Found Losaygry's Book Emporium.
 28929 | Orc:1    | Bought a manual of Evocations for 1040 gold pieces
 28929 | Orc:1    | Bought a scroll of enchant armour for 97 gold pieces
 29056 | Shoals:1 | Entered Level 1 of the Shoals
 29665 | Shoals:2 | Noticed Polyphemus
 30582 | Shoals:2 | Killed Polyphemus
 31185 | Shoals:2 | Noticed Jorgrun
 31197 | Shoals:2 | Killed Jorgrun
 31521 | Shoals:3 | Found the +8 mithril axe "Arga" {speed, Will+}
 31798 | Shoals:3 | Noticed Ilsuiw
 32501 | Shoals:2 | Killed Ilsuiw
 33066 | Shoals:4 | Entered Level 4 of the Shoals
 33521 | Shoals:4 | Reached skill level 15 in Shields
 33678 | Shoals:3 | HP: 7/163 [angel/+2 sacred scourge of holy wrath (5)]
 34198 | Shoals:4 | Got a barnacled rune of Zot
 34368 | Shoals:4 | Reached XP level 19. HP: 163/170 MP: 27/27
 34757 | Shoals:3 | Reached skill level 10 in Evocations
 35104 | Shoals:4 | Reached XP level 20. HP: 178/178 MP: 28/28
 35983 | Vaults:1 | Entered Level 1 of the Vaults
 36859 | Vaults:1 | HP: 5/178 [dire elephant (30)]
 39020 | Vaults:2 | Noticed Margery
 39035 | Vaults:2 | Killed Margery
 39080 | Vaults:2 | Reached XP level 21. HP: 81/184 MP: 29/29
 40399 | Vaults:2 | Found a runed translucent door.
 40416 | Vaults:2 | Noticed EnegeticOcto's ghost (adept VSWr)
 40621 | Vaults:2 | Killed EnegeticOcto's ghost
 41573 | Vaults:3 | Noticed Saint Roka
 41707 | Vaults:3 | Killed Saint Roka
 41800 | Vaults:3 | Noticed Zenata
 42023 | Vaults:3 | Noticed Jory
 43163 | Vaults:3 | Found a staircase to the Crypt.
 43294 | Vaults:3 | Noticed Mennas
 45025 | Snake:3  | Noticed Agnes
 45035 | Snake:3  | Killed Agnes
 45037 | Snake:3  | Noticed Vashnia
 45715 | Snake:3  | Found Emeostel's Self-Published Books.
 45788 | Snake:3  | Killed Vashnia
 45789 | Snake:3  | Reached XP level 22. HP: 209/209 MP: 30/30
 46262 | Snake:4  | Entered Level 4 of the Snake Pit
 46931 | Snake:4  | Reached skill level 21 in Unarmed Combat
 47372 | Snake:4  | Got a serpentine rune of Zot
 47859 | Depths:1 | Entered Level 1 of the Depths
 47859 | Depths:1 | Found a gateway to Hell.
 47871 | Depths:1 | Found Nufomoikh's Assorted Antiques.
 47878 | Depths:1 | Found Gowiroib's Armour Boutique.
 47880 | Depths:1 | Found Rotigh's Armour Shop.
 47952 | Depths:1 | Noticed a juggernaut
 47953 | Depths:1 | Identified a scroll of acquirement
 48160 | D:15     | Killed a juggernaut
 48327 | Depths:1 | Reached skill level 22 in Unarmed Combat
 48349 | Depths:1 | Noticed a caustic shrike
 48361 | Depths:1 | Killed a caustic shrike
 49013 | Depths:2 | Acquired 661 gold pieces
 49467 | Depths:2 | Reached skill level 10 in Armour
 49567 | Depths:2 | Paralysed by a floating eye for 4 turns
 49725 | Depths:2 | Found Giuhol's Assorted Antiques.
 49730 | Depths:2 | Bought a potion of curing for 108 gold pieces
 49730 | Depths:2 | Bought a scroll of teleportation for 108 gold pieces
 49730 | Depths:2 | Bought a potion of might for 144 gold pieces
 50052 | Depths:2 | Found a one-way gate leading to the halls of Pandemonium.
 50467 | Depths:2 | Found a basalt altar of Yredelemnul.
 50793 | Depths:3 | Reached XP level 23. HP: 199/215 MP: 31/31
 50870 | Depths:4 | Entered Level 4 of the Depths
 51266 | Depths:3 | Noticed Grunn
 51330 | Depths:3 | Killed Grunn
 51351 | Depths:4 | Killed from afar by a Tzitzimitl

Illustrated notes

Levels and vault maps discovered:
D:1:      onia_arrival_zoo_common, layout_rooms
D:2:      layout_rooms, minmay_tetromino_o4, uniq_robin, uniq_sigmund
D:3:      layout_basic, grunt_temple_overflow_forces_of_nature, uniq_grinder
D:4:      layout_rooms, minmay_temple_entry_gardened_gates,
          kennysheep_generic_room_5
D:5:      layout_basic, gammafunk_temple_of_torment
D:6:      layout_basic, pf_guarded_unrand_woodcutter
D:7:      layout_cave_pods, zin_purify
D:8:      layout_gridville, gammafunk_ghost_cemetery, bh_walls_and_bars
D:9:      layout_layer_cave, mainiacjoe_overflow_brackets,
          erik_lair_orcish_takeover, david_orc_4, enter_bailey_7,
          minmay_starry_boxes, uniq_erolcha
D:10:     layout_stronghold, uniq_psyche, uniq_josephine
D:11:     layout_roguey
D:12:     layout_basic, gauntlet_entry_generic
D:13:     layout_roguey, ximxim_vaults_locker_room,
          portal_ice_cave_entry_pillars_1, kennysheep_small_square, uniq_azrael,
          uniq_frances, uniq_sonja, uniq_snorg
D:14:     layout_basic, nicolae_benzene_ring, uniq_nessos
D:15:     gammafunk_enter_depths_forms, layout_basic, kiku_gazebo_garden_becter,
          serial_shops, shop
Temple:   eino_temple_scatter_basement
Lair:1:   layout_roguey, infiniplex_staircase_pool, serial_bayou_shore_a
Lair:2:   layout_small_grid, shoals_dummy_entry, grunt_megastairs_4
Lair:3:   layout_chaotic_city, minmay_snake_entry_guardpost_small,
          lemuel_fruit_fields
Lair:4:   layout_regular_city, grunt_megastairs_2, serial_bayou_shore_b,
          lemuel_fruit_fields
Lair:5:   wormcave, layout_loops_ring, dpeg_slime_entry_corner,
          lemuel_fruit_fields
Shoals:1: layout_shoals
Shoals:2: layout_shoals, uniq_polyphemus, uniq_jorgrun
Shoals:3: layout_shoals, uniq_ilsuiw
Shoals:4: shoals_end_hellmonk_holy_island
Snake:1:  layout_onion, nicolae_integral_box, uniq_aizul
Snake:2:  layout_honeycomb, serial_bayou_shore_b, minmay_shoptagon
Snake:3:  layout_gridlike, nicolae_custom_books, grunt_megastairs_5,
          uniq_vashnia, uniq_agnes
Snake:4:  snake_pit, layout_cave_town
Orc:1:    layout_caves, serial_shops, shop, basic_altar, nicolae_alphabet_shops,
          uniq_fannar
Orc:2:    st_orc_open, layout_caves, serial_shops, shop, mines2_david
Vaults:1: nicolae_vaults_puzzle_piece, nicolae_vaults_shrinking_rooms_2,
          v_misc_3, nicolae_vaults_rhombus_7, vaults_standard_mumra_x,
          nicolae_vaults_double_plus_2, hangedman_vaults_nails,
          nicolae_vaults_apartment_2, grunt_vaults_twisty,
          nicolae_vaults_shipping_containers_6, ontoclasm_vaults_twist,
          nicolae_vaults_diagonal_hallway_7, layout_vaults_big_cross
Vaults:2: hellmonk_ghost_happy_afterlife, nicolae_vaults_little_squares_4,
          nicolae_vaults_trapezoid_4, nicolae_vaults_house_2,
          nicolae_vaults_house_3, vaults_mumra_hexcomb, ontoclasm_vaults_tryst,
          vaults_room_stairs_pillars, vaults_room_fours, nicolae_vaults_house_3,
          nicolae_vaults_tetromino_L_2, v_misc_5, nicolae_vaults_wine_cellar,
          nicolae_vaults_house_2, vaults_room_door_hall,
          nicolae_vaults_apartment_1, dpeg_vaults_monster_box,
          nicolae_vaults_storage_room_glass, layout_vaults_ring, uniq_margery
Vaults:3: nicolae_vaults_steering_wheel, grunt_vaults_hallway_short,
          nicolae_vaults_more_shelving_1, vaults_room_pools,
          nicolae_vaults_weapon_check, vaults_room_glass_cross,
          vaults_dpeg_ring, minmay_crypt_entry_simple_sparse,
          layout_vaults_omnigrid, serial_shops, nicolae_lakefront_shop,
          uniq_jory, uniq_zenata, uniq_asterion, uniq_saint_roka, uniq_mennas
Depths:1: layout_twisted_cross, hell_entry, minivault_16, kb_rosetta,
          minmay_shop_star
Depths:2: minmay_curly_fans, layout_basic, serial_curves, eino_curves_02,
          eino_curves_03, rand_demon_pan_entry_8, grunt_metal_band,
          serial_shops, kennysheep_little_box, lemuel_coloured_pillars_altar,
          elyvilon_altar_4
Depths:3: box_level_dp, abyss_entry, hell_entry, serial_shops, uniq_boris,
          uniq_grunn, uniq_mara
Depths:4: grunt_zot_entry_funnels, layout_basic, enter_ziggurat_b, serial_shops,
          shop, hangedman_geh_valley, lightli_fourway_metalbox

Skill      XL: |  1  2  3  4  5  6  7  8  9 10 11 12 13 14 15 16 17 18 19 20 21 22 23 |
---------------+----------------------------------------------------------------------+-----
Fighting       | 4 6 7 10 12 15 20 | 20.0
Unarmed Combat | 3 4 6 8 9 10 12 14 15 18 20 22 | 22.0
Armour         | 4 6 8 11 12 | 12.7
Invocations    | 5 8 12 | 12.0
Dodging        | 8 |  8.0
Shields        | 3 5 7 11 15 19 | 19.0
Evocations     | 5 6 8 12 14 | 14.0
Stealth        | |  5.4

Action                     |  1- 3 |  4- 6 |  7- 9 | 10-12 | 13-15 | 16-18 | 19-21 | 22-24 || total
---------------------------+-------+-------+-------+-------+-------+-------+-------+-------++-------
  Melee: Unarmed           |    77 |   221 |   328 |   705 |  1447 |  1534 |  1519 |   952 ||  6783
         Punch             |     2 |     9 |    11 |       |       |       |       |       ||    22
  Throw: Dart              |       |       |     7 |     5 |     4 |    13 |     3 |       ||    32
         Boomerang         |       |       |       |       |       |       |    53 |    11 ||    64
 Invoke: Greater Servant o |       |       |       |       |       |       |     2 |     1 ||     3
         Lesser Servant of |       |       |       |       |       |       |     9 |       ||     9
  Evoke: Wand              |       |       |     4 |    13 |     1 |     9 |     1 |       ||    28
         Lightning rod     |       |       |       |     3 |       |     2 |       |       ||     5
         Box of beasts     |       |       |       |       |       |     2 |     1 |     1 ||     4
    Use: Scroll            |     1 |       |    14 |     6 |     8 |     8 |    11 |     3 ||    51
         Potion            |       |     1 |     1 |     2 |     1 |     8 |     5 |     2 ||    20
   Stab: Sleeping          |     1 |    10 |       |       |       |       |       |       ||    11
         Distracted        |       |       |       |       |       |       |     3 |       ||     3
 Armour: Leather armour    |    47 |    50 |       |       |       |       |       |       ||    97
         Chain mail        |       |    38 |   143 |   347 |   884 |  1116 |   783 |   383 ||  3694
         Skin              |       |     1 |       |       |       |       |       |       ||     1
         Plate armour      |       |       |       |    93 |       |       |       |       ||    93
  Dodge: Dodged            |    80 |   130 |   142 |   257 |   650 |   438 |   228 |   156 ||  2081
  Block: Other             |       |    35 |    34 |       |       |       |       |       ||    69
         Reflection        |       |     4 |     5 |     9 |    15 |    88 |    92 |    91 ||   304
         Kite shield       |       |       |    71 |   380 |   757 |       |       |       ||  1208
         Tower shield      |       |       |       |       |   257 |  1789 |  1485 |  1001 ||  4532

Table legend: (Time is in decaauts)
 A = Elapsed time spent in this place.
 B = Non-inter-level travel time spent in this place.
 C = Inter-level travel time spent in this place.
 D = Time resting spent in this place.
 E = Time spent auto-exploring this place.
 F = Levels seen in this place.
 G = Mean time per level.
                   A        B        C        D        E       F      G
               +--------+--------+--------+--------+--------+-----+--------+
         Total |  50246 |  46965 |   3281 |  12114 |  21509 |  40 | 1256.2 |
       Dungeon |  16249 |  14619 |   1630 |   2249 |   8340 |  15 | 1083.3 |
        Temple |     34 |      2 |     32 |      0 |      0 |   1 |   34.0 |
          Lair |   7439 |   6826 |    613 |   1428 |   3860 |   5 | 1487.8 |
        Shoals |   6674 |   6421 |    253 |   2426 |   2468 |   4 | 1668.5 |
     Snake Pit |   5546 |   5264 |    282 |   1199 |   2567 |   4 | 1386.5 |
  Orcish Mines |   2110 |   1958 |    152 |    662 |    756 |   2 | 1055.0 |
        Vaults |   7356 |   7075 |    281 |   2918 |   1722 |   3 | 2452.0 |
        Depths |   3057 |   3022 |     35 |    648 |   1426 |   4 |  764.2 |
        Bailey |    694 |    694 |      0 |    182 |    111 |   1 |  694.0 |
      Ice Cave |   1084 |   1084 |      0 |    399 |    258 |   1 | 1084.0 |
               +--------+--------+--------+--------+--------+-----+--------+

Top non-repeatable levels by time:
Vaults:2: 3288 daAuts
Vaults:1: 2991 daAuts
Shoals:3: 2131 daAuts
  Lair:2: 1893 daAuts
     D:9: 1782 daAuts
 Snake:2: 1750 daAuts
  Lair:5: 1732 daAuts
Shoals:2: 1717 daAuts
Depths:2: 1570 daAuts
Shoals:1: 1461 daAuts
    D:12: 1383 daAuts
 Snake:1: 1380 daAuts
  Lair:3: 1375 daAuts
Shoals:4: 1364 daAuts
     D:5: 1358 daAuts
